Map: Waterfall

Players

MattBarry

  • Race: Zerg Zerg
  • League: Silver
  • Spawn Location: 1:00

tdurden - Winner!

  • Race: Terran Terran
  • League: Gold
  • Spawn Location: 7:00

VOD

Have the link to the VOD?

Description

Time

  • Played on: Jan. 20, 2023, 4:48 p.m.
  • Length: 32:09
Show
View Real Time Build Order
Export as new Build Order

MattBarry Zerg 

Build Orders: Pool First 

Get SALT Encoding   

  12  0:00  Drone  
  13  0:08  Drone  
  14  0:17  Extractor  
  14  0:20  Drone  
  14  0:28  Extractor  
  14  0:29  Drone  
  15  0:43  Spawning Pool  
  15  0:46  Overlord  
  14  1:07  Drone  
  15  1:28  Hatchery  
  15  1:30  Zergling x4  
  16  1:38  Metabolic Boost  
  16  1:42  Zergling x2  
  17  1:54  Queen  
  17  2:00  Drone  
  20  2:07  Zergling x4  
  22  2:17  Overlord  
  22  2:27  Baneling Nest  
  21  2:40  Queen  
  21  2:42  Drone  
  24  2:53  Drone x3  
  27  3:02  Queen  
  29  3:07  Drone  
  29  3:10  Drone  
  31  3:13  Drone  
  32  3:38  Drone x4, Overlord x2  
  36  4:00  Drone x2  
  36  4:01  Drone, Overlord  
  36  4:02  Drone x3  
  42  4:04  Drone  
  42  4:08  Spine Crawler  
  42  4:15  Spore Crawler  
  42  4:16  Drone x2  
  43  4:27  Roach Warren, Drone x2  
  43  4:28  Drone  
  45  4:35  Spore Crawler  
  44  4:40  Queen  
  44  5:07  Spine Crawler  
  44  5:08  Roach x5  
  44  5:10  Lair  
  44  5:11  Drone x2  
  55  5:19  Overlord  
  55  5:25  Extractor x2  
  53  5:50  Drone x3  
  53  5:55  Roach x5  
  53  5:56  Roach  
  66  6:06  Overlord  
  66  6:17  Hatchery  
  65  6:24  Hatchery  
  64  6:28  Pneumatized Carapace  
  64  6:44  Drone x3  
  64  6:45  Drone x2, Overlord x3  
  69  6:51  Roach  
  69  6:52  Roach, Zergling x4  
  75  6:56  Overlord x3  
  73  7:14  Zergling x14  
  73  7:15  Zergling x6  
  54  7:59  Roach x7  
  54  8:00  Roach  
  70  8:14  Hatchery  
  70  8:15  Zergling x4  
  70  8:16  Spine Crawler  
  70  8:23  Overseer  
  70  8:27  Drone  
  70  8:28  Drone  
  72  8:45  Infestation Pit  
  72  8:47  Zergling x2  
  72  8:48  Zergling x10  
  77  8:49  Drone  
  78  8:56  Spire  
  78  9:00  Extractor  
  78  9:02  Drone x5  
  81  9:15  Drone  
  82  9:24  Infestor x2  
  82  9:25  Roach  
  82  9:26  Roach x6  
  82  9:27  Roach x2  
  94  10:02  Ravager  
  94  10:03  Ravager x9  
  104  10:12  Overlord  
  104  10:13  Overlord  
  104  10:16  Queen  
  104  10:18  Drone x3  
  104  10:19  Drone x3  
  112  10:23  Drone x2  
  112  10:24  Overlord  
  114  10:30  Extractor  
  114  10:33  Extractor  
  107  10:51  Queen  
  107  11:04  Nydus Network  
  107  11:07  Glial Reconstitution  
  107  11:09  Drone x3  
  107  11:10  Mutalisk x3, Drone  
  116  11:12  Roach  
  118  11:21  Overlord  
  118  11:22  Overlord  
  118  11:32  Queen  
  120  11:46  Drone x2  
  122  11:47  Mutalisk x3  
  126  11:55  Hive  
  120  12:07  Zergling x12  
  126  12:26  Hatchery  
  125  12:49  Nydus Canal  
  125  12:52  Drone x3  
  125  12:53  Corruptor, Drone  
  125  12:54  Corruptor x2  
  135  13:24  Corruptor  
  135  13:25  Corruptor x4  
  145  13:31  Greater Spire  
  145  13:32  Drone  
  145  13:33  Drone  
  147  13:40  Queen  
  149  13:59  Corruptor x3  
  155  14:19  Evolution Chamber  
  155  14:20  Evolution Chamber  
  155  14:21  Evolution Chamber  
  82  14:55  Mutalisk x12  
  103  15:06  Brood Lord  
  101  15:07  Brood Lord  
  99  15:46  Brood Lord  
  99  15:47  Brood Lord  
  103  16:10  Brood Lord  
  105  16:14  Extractor  
  105  16:16  Extractor  
  103  16:21  Drone  
  103  16:22  Drone x3  
  103  16:23  Drone  
  108  16:38  Hatchery  
  107  16:42  Extractor  
  106  16:47  Extractor  
  106  16:48  Brood Lord x2  
  109  16:57  Hatchery  
  109  17:01  Drone x4  
  109  17:02  Drone  
  113  17:17  Drone x2  
  113  17:18  Drone x2  
  113  17:21  Roach  
  119  17:35  Drone  
  119  17:36  Drone x4  
  108  18:03  Drone x3  
  108  18:04  Drone x2  
  113  18:06  Zerg Flyer Armor Level 1  
  113  18:07  Drone x3  
  116  18:14  Hydralisk Den  
  116  18:16  Corruptor x2  
  119  18:29  Drone x3  
  122  18:35  Zerg Melee Weapons Level 1  
  122  18:37  Zerg Ground Armor Level 1  
  122  18:38  Zerg Missile Weapons Level 1  
  122  18:41  Pathogen Glands  
  122  18:46  Drone x2  
  124  19:02  Corruptor x4  
  130  19:07  Viper  
  136  19:17  Ravager  
  122  19:38  Corruptor  
  122  19:39  Corruptor x3  
  122  19:44  Hydralisk  
  126  19:47  Hydralisk  
  126  19:49  Hydralisk  
  121  20:02  Hydralisk x2  
  125  20:11  Hydralisk x2  
  125  20:13  Zergling x22  
  125  20:14  Zergling x6  
  143  20:39  Queen  
  145  20:49  Brood Lord  
  147  20:58  Extractor  
  147  21:01  Infestor  
  147  21:03  Extractor, Overlord  
  147  21:04  Overlord  
  147  21:06  Overlord  
  147  21:28  Hydralisk  
  147  21:29  Hydralisk x5  
  159  21:59  Zergling x24  
  159  22:00  Zergling x2  
  168  22:07  Overlord x4  
  168  22:08  Hatchery  
  163  22:26  Infestor x2  
  124  22:55  Viper x2  
  124  22:56  Infestor x2  
  124  22:57  Zergling x2, Infestor  
  124  22:58  Zergling x22, Infestor  
  148  23:00  Corruptor  
  152  23:12  Zergling x12  
  158  23:13  Zergling x2  
  158  23:14  Brood Lord x2  
  163  23:21  Brood Lord  
  163  23:47  Brood Lord  
  163  23:48  Zergling x2, Brood Lord  
  167  23:49  Zergling x8  
  154  24:13  Zergling x30  
  152  24:28  Hatchery  
  151  24:32  Corruptor  
  151  24:33  Corruptor x2  
  115  25:00  Zergling x30  
  89  25:41  Corruptor  
  89  25:42  Corruptor x10  
  104  25:51  Extractor  
  103  26:12  Hatchery  
  103  26:14  Hatchery  
  103  26:17  Drone  
  103  26:18  Drone  
  103  26:19  Drone x2  
  103  26:20  Drone  
  103  26:22  Corruptor  
  103  26:25  Brood Lord  
  106  26:59  Zergling x24  
  106  27:00  Zergling x8  
  122  27:03  Hydralisk  
  122  27:04  Hydralisk  
  122  27:07  Drone  
  122  27:08  Drone  
  128  27:25  Drone x3  
  128  27:26  Drone x5  
  128  27:27  Drone  
  128  27:28  Unknown  
  136  27:41  Zerg Melee Weapons Level 2  
  136  27:43  Zerg Ground Armor Level 2  
  136  28:09  Brood Lord  
  136  28:11  Brood Lord x2  
  136  28:12  Hydralisk x6  
  144  28:14  Hydralisk  
  156  28:33  Hydralisk  
  156  28:34  Hatchery  
  157  28:40  Hatchery  
  156  28:43  Queen  
  158  29:01  Drone x2  
  158  29:02  Drone  
  161  29:03  Hydralisk  
  161  29:04  Hydralisk x6  
  175  29:24  Extractor  
  174  29:26  Extractor  
  158  29:33  Zergling x2  
  158  29:34  Zergling x36  
  158  29:35  Zergling x2  
  168  29:40  Zergling x2  
  152  29:57  Zergling x2  
  152  29:58  Zergling x22  
  117  30:10  Zergling x12  
  79  30:30  Zergling x2  
  79  30:31  Zergling x18  
  73  30:39  Zergling x2  
  73  30:40  Zergling x8  
  67  30:51  Zergling x2  
  67  30:57  Roach x3  
  67  31:16  Hydralisk  
  67  31:17  Hydralisk x7  
  82  31:19  Zergling x8  
  82  31:20  Zergling x4  
  81  31:29  Roach x3  
  80  31:34  Baneling x15  
Show
View Real Time Build Order
Export as new Build Order

tdurden Terran - Winner!

Build Orders: 2 Factory 

Get SALT Encoding   

  12  0:00  SCV  
  13  0:12  SCV  
  14  0:21  Supply Depot  
  14  0:25  SCV  
  15  0:32  Supply Depot  
  15  0:45  Barracks  
  15  0:47  SCV  
  16  0:55  Refinery  
  16  0:59  SCV  
  17  1:04  Refinery  
  17  1:11  SCV  
  18  1:23  SCV  
  19  1:28  Barracks  
  19  1:35  SCV  
  20  1:46  Factory  
  20  1:47  SCV  
  20  1:51  Marine  
  22  2:00  SCV  
  23  2:09  Marine  
  23  2:12  SCV  
  23  2:15  Supply Depot  
  25  2:17  Barracks Tech Lab  
  25  2:27  SCV  
  26  2:35  Factory  
  26  2:43  Orbital Command  
  26  2:53  Armory  
  26  2:56  Marine  
  27  2:59  Marine  
  28  3:10  SCV  
  29  3:13  Supply Depot  
  29  3:38  Stimpack  
  29  3:39  Marine  
  29  3:40  Marine  
  31  3:47  Supply Depot  
  31  3:48  Hellion x2  
  35  3:57  Marine x2  
  37  4:04  Engineering Bay  
  37  4:05  SCV  
  38  4:10  Supply Depot  
  38  4:15  Marine x2  
  44  4:17  Hellion x2  
  44  4:28  Starport  
  44  4:33  Marine x2  
  46  4:41  Hellion x2  
  50  5:00  Marine  
  50  5:01  Marine  
  50  5:02  Supply Depot  
  50  5:05  Hellion  
  54  5:09  Starport Reactor  
  54  5:25  Supply Depot  
  54  5:45  Smart Servos  
  54  5:46  Hellion x7  
  54  5:54  Medivac x2  
  58  6:21  Hellbat x2  
  58  6:25  Medivac x2  
  66  6:26  Marine x2  
  68  6:35  Command Center  
  68  6:43  Hellbat x2  
  68  6:44  Marine x2  
  74  7:01  Marine  
  74  7:02  Marine  
  74  7:03  Infernal Pre-Igniter  
  74  7:04  Hellbat  
  67  7:32  Hellbat x2  
  67  7:34  Marine  
  67  7:35  Marine  
  65  7:52  Marine  
  65  7:53  Hellbat x2  
  70  8:00  Medivac x2  
  70  8:01  Marine  
  75  8:10  Marine  
  76  8:14  Terran Infantry Armor Level 1  
  76  8:17  SCV  
  76  8:18  Supply Depot  
  77  8:28  Refinery  
  77  8:29  SCV  
  77  8:30  Medivac x2  
  82  8:56  Siege Tank  
  82  8:59  Factory Tech Lab  
  85  9:03  Barracks Tech Lab, Refinery  
  85  9:04  Marine  
  86  9:15  Orbital Command  
  86  9:28  Siege Tank  
  78  10:06  Marauder  
  77  10:08  Terran Infantry Weapons Level 1  
  77  10:15  Barracks Reactor  
  77  10:22  Viking x2  
  77  10:27  Marauder  
  83  10:33  Barracks Tech Lab  
  83  10:38  Supply Depot  
  83  10:39  Supply Depot  
  83  10:41  SCV  
  86  10:53  SCV  
  87  11:05  SCV  
  86  11:13  Barracks Tech Lab  
  86  11:17  SCV  
  87  11:26  Siege Tank x2  
  87  11:29  SCV  
  87  11:31  Marauder x2  
  98  11:52  Barracks, Marauder  
  98  11:53  Marauder, Medivac x2  
  106  11:58  Siege Tank  
  106  11:59  Siege Tank  
  112  12:14  Marauder  
  112  12:15  Marauder  
  116  12:16  Concussive Shells  
  116  12:23  Viking  
  118  12:36  Supply Depot  
  118  12:38  Supply Depot  
  118  12:49  Supply Depot  
  118  12:58  Viking, SCV x2, Marauder x2  
  126  13:00  Siege Tank x2  
  132  13:10  SCV x2  
  136  13:20  Marauder  
  136  13:22  SCV  
  137  13:34  SCV  
  138  13:44  Siege Tank  
  138  13:45  Refinery  
  138  13:46  SCV  
  142  13:48  Command Center  
  142  13:49  Supply Depot  
  142  14:10  Siege Tank  
  142  14:11  Supply Depot, Marauder x2  
  142  14:12  Refinery  
  149  14:34  Supply Depot  
  124  14:48  Marine  
  124  14:49  Marine x2  
  121  14:56  Supply Depot  
  121  15:06  Marine x2  
  121  15:07  Marine  
  124  15:24  Marine x3  
  127  15:31  Viking x2  
  125  15:42  Marine x3  
  80  16:00  Marine x3  
  80  16:01  Viking  
  77  16:08  Viking  
  75  16:17  Marine  
  75  16:18  Marine x2  
  78  16:20  Starport  
  78  16:24  Missile Turret  
  78  16:31  Viking  
  80  16:33  Missile Turret  
  80  16:35  Marine x2  
  80  16:36  Marine  
  80  16:38  Viking  
  85  16:51  Missile Turret  
  85  16:52  Missile Turret  
  85  16:53  Missile Turret, Marine x3  
  88  16:54  Missile Turret  
  88  17:01  Viking  
  90  17:06  Thor  
  90  17:07  Thor  
  90  17:08  Viking  
  104  17:15  Missile Turret x2  
  104  17:31  Viking  
  106  17:38  Viking  
  97  18:01  Viking  
  97  18:03  Starport Reactor  
  99  18:08  Viking  
  99  18:11  Orbital Command  
  101  18:31  Viking  
  103  18:35  Orbital Command  
  103  18:38  Viking  
  105  18:54  Thor, Hellion  
  113  19:00  SCV  
  113  19:01  Viking  
  116  19:09  SCV  
  117  19:12  SCV  
  117  19:15  Thor  
  124  19:21  SCV  
  125  19:24  Refinery  
  118  19:33  SCV  
  118  19:37  Thor  
  112  19:47  Refinery  
  112  19:58  Thor  
  116  20:02  Viking x4  
  124  20:19  Thor  
  124  20:21  SCV x2  
  132  20:31  Viking  
  132  20:33  SCV x2  
  136  20:41  Thor  
  142  20:45  SCV  
  143  20:57  SCV  
  143  21:02  Thor  
  150  21:09  SCV  
  151  21:12  Terran Vehicle Weapons Level 1  
  151  21:21  SCV  
  151  21:24  Viking, Thor  
  160  21:27  Marine x3  
  160  21:28  Hellion  
  163  21:33  SCV  
  164  21:45  Marine x3, Thor  
  173  22:02  Marine  
  173  22:03  Marine x2  
  173  22:06  Thor  
  180  22:20  Marine x2  
  180  22:21  Marine  
  183  22:27  Viking x3  
  189  22:40  Marine x2  
  189  22:41  Thor  
  189  22:43  Marine  
  178  22:49  Thor  
  163  22:58  Marine x2  
  165  23:01  Marine  
  165  23:03  Viking x2  
  170  23:06  Terran Ship Weapons Level 1  
  170  23:15  Marine x2  
  172  23:23  Thor  
  178  23:32  Thor  
  177  23:44  Command Center  
  164  24:06  Thor  
  168  24:15  Thor  
  168  24:16  Viking x4  
  150  24:17  Marine x3  
  138  24:46  Viking  
  138  24:49  Thor  
  146  24:58  Thor  
  128  25:01  Terran Vehicle And Ship Armor Level 1  
  88  25:32  Thor  
  86  25:37  Marine x3  
  86  25:40  Medivac x2  
  86  25:41  Thor, Medivac x2  
  91  25:51  Refinery  
  91  25:55  Marine x3  
  94  26:01  Orbital Command  
  94  26:04  Refinery  
  94  26:10  Factory, Medivac x2  
  94  26:11  Medivac x2  
  102  26:13  Marine x3  
  102  26:15  Thor  
  102  26:16  Factory  
  111  26:24  Siege Tank  
  114  26:30  Marine, Refinery  
  114  26:31  Marine x2  
  117  26:48  Barracks, Marine x3  
  120  26:56  Siege Tank  
  120  26:58  Siege Tank  
  126  27:03  Medivac x3  
  126  27:06  Marine x3  
  135  27:09  Combat Shield  
  135  27:13  Factory Tech Lab  
  135  27:14  Factory Tech Lab  
  135  27:24  Marine x3  
  135  27:28  Thor  
  144  27:37  Marine  
  144  27:42  Marine x3  
  127  27:50  Hellbat x3  
  127  27:59  Marine  
  127  28:00  Marine x2  
  130  28:11  Hellbat x4  
  138  28:17  Marine x2  
  139  28:32  Hellbat  
  139  28:33  Hellbat x3  
  147  28:54  Hellbat x4  
  155  29:15  Hellbat x3  
  155  29:16  Hellbat  
  136  30:00  Marine x4  
  137  30:17  Marine  
  137  30:18  Marine  
  139  30:42  Command Center  
  139  31:00  Hellbat  
  139  31:01  Hellbat x3  
  127  31:22  Hellbat x3  
Tags
 
Matchup
TvZ
Replay Pack
Multiplayer
Spawn Locations
Cross Positions
Add a new tag
Caveats
  • Supply blocks, unpowered buildings, or Contaminate may cause inaccurate times.
  • Supply counts are checked every 10 seconds.